 Dungeon Crawl Stone Soup version 0.31-a0-516-gfcb59812bd (webtiles) character file.

Game seed: 6435601247036889779

6699 AdnanSaban the Basher (level 11, 0/68 HPs)
             Began as a Gargoyle Fighter on Aug 10, 2023.
             Was a Priest of Okawaru.
             Slain by a fire crab (8 damage)
             ... on level 11 of the Dungeon.
             The game lasted 00:09:28 (8136 turns).

AdnanSaban the Basher (Gargoyle Fighter)            Turns: 8136, Time: 00:09:28

Health: 0/68       AC: 26    Str: 29    XL:     11   Next: 3%
Magic:  11/11      EV: 13    Int: 10    God:    Okawaru [***...]
Gold:   473        SH:  5    Dex:  9    Spells: 10/10 levels left

rFire   . . .        J - +5 morningstar
rCold   . . .        c - +0 buckler
rNeg    + . .        K - +0 plate armour
rPois   ∞            (no helmet)
rElec   +            w - +0 cloak
rCorr   .            s - +0 pair of gloves
SInv    .            k - +0 pair of boots
Will    .....        (no amulet)
Stlth   x              - +6 ring of strength
HPRegen 0.31/turn    I - +5 ring of evasion
MPRegen 0.12/turn

%: no passive effects
@: no status effects
A: sickness immunity, AC +8, negative energy resistance 1, electricity
resistance, torment resistance 1, petrification resistance
a: Renounce Religion, Heroism


You were on level 11 of the Dungeon.
You worshipped Okawaru.
Okawaru was most pleased with you.
You visited 2 branches of the dungeon, and saw 12 of its levels.

You collected 473 gold pieces.

Inventory:

Hand Weapons
 J - a +5 morningstar (weapon)
Missiles
 o - 2 throwing nets
 t - 2 javelins
 v - 10 poisoned darts
 F - a curare-tipped dart
Armour
 c - a +0 buckler (worn)
 k - a +0 pair of boots (worn)
 s - a +0 pair of gloves (worn)
 w - a +0 cloak (worn)
 K - a +0 plate armour (worn)
Jewellery
 x - a +6 ring of strength (left hand)
 G - a +6 ring of dexterity
 I - a +5 ring of evasion (right hand)
 N - a ring of willpower
 P - a +6 ring of intelligence
Wands
 y - a wand of mindburst (15)
 B - a wand of digging (2)
 H - a wand of flame (26)
Scrolls
 f - 5 scrolls of poison {unknown}
 i - 9 scrolls of identify {unknown}
 j - 4 scrolls of enchant weapon {unknown}
 l - a scroll of enchant armour {unknown}
 m - 2 scrolls of vulnerability {unknown}
 r - 6 scrolls of teleportation {unknown}
 u - 3 scrolls of amnesia {unknown}
 z - a scroll of noise {unknown}
 A - 2 scrolls of fog {unknown}
 C - a scroll of fear {unknown}
 E - 4 scrolls of immolation {unknown}
 O - a scroll of blinking {unknown}
Potions
 a - a potion of berserk rage {unknown}
 b - a potion of brilliance {unknown}
 d - 6 potions of might
 e - 2 potions of attraction {unknown}
 g - 5 potions of curing {unknown}
 h - 3 potions of lignification {unknown}
 n - 4 potions of heal wounds {unknown}
 p - a potion of enlightenment {unknown}
 q - 4 potions of haste {unknown}
 D - a potion of resistance {unknown}
 L - a potion of mutation {unknown}
 M - a potion of invisibility {unknown}


   Skills:
 + Level 8.3 Fighting
 + Level 11.0 Maces & Flails
 + Level 8.6 Armour
 + Level 3.7 Dodging
 + Level 1.7 Stealth
 + Level 6.8 Shields


You had 10 spell levels left.
You didn't know any spells.
Your spell library contained the following spells:

 Spells                   Type           Power      Damage    Failure   Level
 Ensorcelled Hibernation  Hex/Ice        0%         N/A       99%         2
 Passwall                 Tmut/Erth      0%         N/A       99%         2
 Portal Projectile        Hex/Tloc       0%         N/A       100%        3
 Swiftness                Air            0%         N/A       100%        3
 Iskenderun's Mystic Bla  Conj/Tloc      0%         2d3       100%        4
 Olgreb's Toxic Radiance  Pois           0%         N/A       100%        4
 Orb of Destruction       Conj           0%         9d5       100%        7
 Discord                  Hex            0%         N/A       100%        8
 Ignition                 Fire           0%         3d3       100%        8
 Summon Guardian Golem    Hex/Summ       Unusable   N/A       N/A         3
 Tukima's Dance           Hex            Unusable   N/A       N/A         3
 Spellforged Servitor     Conj/Summ      Unusable   N/A       N/A         7

Dungeon Overview and Level Annotations

Branches:
Dungeon (11/15)            Temple (1/1) D:7             Orc (0/2) D:10
   Lair: D:8-11

Altars:
Ashenzari
Cheibriados
Dithmenos
Elyvilon
Fedhas
Gozag
Hepliaklqana
Kikubaaqudgha
Nemelex Xobeh
Okawaru
Qazlal
Ru
Sif Muna
Trog
Uskayaw
Vehumet
Wu Jian
Xom
Yredelemnul
Zin
The Shining One

Shops:
D:4 [   D:9 *   D:10 [


Innate Abilities, Weirdness & Mutations

You are immune to sickness and miasma.
Your stone body is resilient. (AC +8)
You are immune to poison.
You resist negative energy. (rN+)
You are resistant to electric shocks. (rElec)
You are resistant to unholy torment.
You are immune to petrification.


Message History

You hit the yak.
The yak is severely wounded.
The yak gores you but does no damage.
You bludgeon the yak!!
You kill the yak!
Okawaru accepts your kill.
Your Maces & Flails skill increases to level 11!
No target in view!
No target in view!
No target in view!
No target in view!
No target in view!
No target in view!
No target in view!
A fire crab comes into view.
The fire crab breathes flames at you. The blast of flame engulfs you.
No reachable target in view!
You are engulfed in blazing flames.
You barely miss the fire crab.
You are engulfed in blazing flames.
The fire crab closely misses you.
The fire crab claws you but does no damage.
You closely miss the fire crab.
You are engulfed in blazing flames.
The fire crab bites you but does no damage.
The fire crab claws you but does no damage.
You bludgeon the fire crab!!
The fire crab is heavily wounded.
The fire crab bites you.
You are engulfed in flames!
You block the fire crab's attack.
You sock the fire crab!
The fire crab is severely wounded.
The fire crab bites you.
* * * LOW HITPOINT WARNING * * *
You are engulfed in flames!
* * * LOW HITPOINT WARNING * * *
The fire crab claws you but does no damage.
You sock the fire crab!
The fire crab is severely wounded.
The fire crab bites you!
You die...

###########
#.........###
#...........#
#...........#######...
#..........@#○○†......
#.........#t..###.....
#...........### .##
#.........###
#............
#########........≈
........#......§§.§
........#.......≈§.
........'.#####§≈≈


You could see a fire crab.

Vanquished Creatures
  A komodo dragon (D:10)
  A hornet (D:9)
  3 shadows
  5 yaks (D:11)
  4 steam dragons
  2 wyverns
  Menkaure (D:5)
  An acid dragon (D:9)
  A water moccasin (D:8)
  Duvessa (D:7)
  4 orc warriors
  4 black bears
  A sky beast (D:7)
  2 ice beasts
  3 ogres (D:7)
  A centaur (D:7)
  2 bullfrogs
  2 kobold brigands
  2 gnoll sergeants
  3 scorpions
  6 wights
  Dowan (D:7)
  3 killer bees (D:10)
  2 troll zombies (D:10)
  5 electric eels (D:6)
  5 howler monkeys
  A jelly (D:6)
  A gnoll bouda (D:7)
  2 orc priests
  3 hounds
  2 sleepcaps (D:6)
  Ijyb (D:5)
  3 iguanas
  10 orc wizards
  6 ogre zombies (D:10)
  An adder (D:6)
  14 gnolls
  A shadow imp (D:6)
  2 white imps (D:5)
  A worm (D:2)
  The ghost of GordonOverkill the Sneak, a weakling VSDe (D:5)
  36 orcs
  5 ball pythons
  2 bats
  7 endoplasms
  A giant cockroach (D:1)
  4 hobgoblins
  5 quokkas
  5 frilled lizards
  3 goblins
  2 goblin skeletons (D:10)
  5 goblin zombies (D:10)
  A hobgoblin zombie (D:10)
  14 kobolds
  4 orc skeletons (D:10)
  13 orc zombies (D:10)
  6 rats
228 creatures vanquished.

Vanquished Creatures (others)
  A wight (D:8)
  An ufetubus (D:6)
  A kobold (D:6)
3 creatures vanquished.

Grand Total: 231 creatures vanquished

Notes
Turn   | Place    | Note
-------+----------+-------------------------------------------
     0 | D:1      | AdnanSaban the Gargoyle Fighter began the quest for the
                  | Orb.
     0 | D:1      | Reached XP level 1. HP: 14/14 MP: 1/1
    29 | D:1      | You fall into a shaft and drop 1 floor!
   198 | D:2      | Reached XP level 2. HP: 19/19 MP: 2/2
   420 | D:2      | Found a glowing golden altar of the Shining One.
   814 | D:1      | Reached XP level 3. HP: 24/24 MP: 3/3
  1402 | D:3      | Noticed a black bear
  1501 | D:2      | Killed a black bear
  1502 | D:2      | Reached skill level 3 in Maces & Flails
  1502 | D:2      | Reached skill level 1 in Dodging
  1502 | D:2      | Reached XP level 4. HP: 12/29 MP: 4/4
  1502 | D:2      | Reached XP level 5. HP: 13/33 MP: 5/5
  1893 | D:3      | Found a stormy altar of Qazlal.
  1895 | D:3      | Noticed a fire elemental
  1896 | D:3      | Noticed a water elemental
  1896 | D:3      | Noticed an air elemental
  2183 | D:4      | Reached skill level 4 in Maces & Flails
  2183 | D:4      | Reached XP level 6. HP: 38/38 MP: 6/6
  2226 | D:4      | Noticed a black bear
  2238 | D:4      | Killed a black bear
  2303 | D:4      | Noticed a black bear
  2314 | D:4      | Killed a black bear
  2375 | D:4      | Reached XP level 7. HP: 41/44 MP: 7/7
  2407 | D:4      | Found Wyullaos's Armour Shop.
  2543 | D:5      | Entered Level 5 of the Dungeon
  2543 | D:5      | Found a runed translucent door.
  2695 | D:5      | Reached skill level 5 in Maces & Flails
  2756 | D:5      | Reached skill level 5 in Armour
  2835 | D:5      | Noticed Menkaure
  2846 | D:5      | Killed Menkaure
  2924 | D:5      | Noticed Ijyb
  2939 | D:5      | Killed Ijyb
  2946 | D:5      | Reached skill level 6 in Maces & Flails
  2946 | D:5      | Reached XP level 8. HP: 14/48 MP: 8/8
  3154 | D:5      | Noticed GordonOverkill's ghost (weakling VSDe)
  3265 | D:5      | Killed GordonOverkill's ghost
  3421 | D:6      | Reached skill level 5 in Fighting
  3592 | D:6      | Reached skill level 7 in Maces & Flails
  3605 | D:6      | Reached skill level 5 in Shields
  3857 | D:6      | Reached XP level 9. HP: 49/55 MP: 9/9
  4307 | D:7      | Found a staircase to the Ecumenical Temple.
  4324 | Temple   | Entered the Ecumenical Temple
  4338 | Temple   | Became a worshipper of Warmaster Okawaru
  4739 | D:7      | Reached skill level 8 in Maces & Flails
  4826 | D:7      | Noticed Duvessa
  4831 | D:7      | Killed Duvessa
  4831 | D:7      | Noticed Dowan
  4846 | D:7      | Killed Dowan
  5129 | D:7      | Reached * piety under Okawaru
  5434 | D:8      | Found a glowing golden altar of the Shining One.
  5716 | D:8      | Reached XP level 10. HP: 57/63 MP: 10/10
  5760 | D:8      | Reached skill level 9 in Maces & Flails
  6001 | D:8      | Reached ** piety under Okawaru
  6319 | D:9      | Reached skill level 1 in Stealth
  6654 | D:9      | Found Xoulymm's Assorted Antiques.
  7010 | D:10     | Entered Level 10 of the Dungeon
  7034 | D:10     | Found a sparkling altar of Nemelex Xobeh.
  7048 | D:10     | HP: 2/63 [komodo dragon (18)]
  7055 | D:10     | Reached skill level 10 in Maces & Flails
  7256 | D:10     | Found a radiant altar of Vehumet.
  7306 | D:10     | Reached *** piety under Okawaru
  7314 | D:10     | Found a staircase to the Orcish Mines.
  7653 | D:10     | Found Tyesowaic's Armour Emporium.
  8112 | D:11     | Reached XP level 11. HP: 68/68 MP: 11/11
  8119 | D:11     | Reached skill level 11 in Maces & Flails
  8128 | D:11     | Noticed a fire crab
  8136 | D:11     | Slain by a fire crab

Illustrated notes

Levels and vault maps discovered:
D:1:      spicycebolla_arrival_transporter_tutorial, layout_basic,
          chequers_serial_rivers_micro_a, minmay_domino_2
D:2:      minmay_general_purpose_star, layout_basic, basic_altar,
          nicolae_figureground_pulse
D:3:      layout_basic, nicolae_qazlal_style_of_elements
D:4:      layout_rooms, serial_shops, kennysheep_mini_moat, kennysheep_potato
D:5:      layout_gridville, ebering_ghost_reflecting_pool,
          kennysheep_generic_room_15, uniq_menkaure, uniq_ijyb
D:6:      layout_basic, kennysheep_little_box, serial_bayou,
          serial_bayou_lagoon_b, serial_bayou_shore_b, serial_bayou_ford_a,
          serial_bayou_pond_b
D:7:      layout_basic, minmay_temple_entry_steel_oval,
          kennysheep_generic_room_6, uniq_duvessa
D:8:      nicolae_cairo_tiling_large, layout_basic,
          lemuel_coloured_pillars_altar
D:9:      layout_basic, serial_shops, nicolae_shop_hallway_plus,
          amcnicky_mini_corridor_feature
D:10:     layout_rooms, minitemple, zombieorc2_lemuel, serial_shops, shop
D:11:     layout_basic, minmay_lair_entry_lava
Temple:   nicolae_temple_bog_church

Skill      XL: |  1  2  3  4  5  6  7  8  9 10 11 |
---------------+----------------------------------+-----
Fighting       | 4 5 7 8 |  8.3
Maces & Flails | 3 4 6 7 8 10 11 | 11.0
Armour         | 4 5 6 7 8 |  8.6
Dodging        | 1 2 3 |  3.7
Shields        | 4 5 6 |  6.8
Stealth        | 1 |  1.7

Action                     |  1- 3 |  4- 6 |  7- 9 | 10-12 || total
---------------------------+-------+-------+-------+-------++-------
  Melee: Flail             |   109 |    60 |       |       ||   169
         Whip              |       |    42 |   441 |    18 ||   501
         Morningstar       |       |       |       |   283 ||   283
 Armour: Scale mail        |    89 |    71 |    14 |       ||   174
         Chain mail        |       |       |   155 |    38 ||   193
         Plate armour      |       |       |       |    81 ||    81
  Dodge: Dodged            |    83 |    59 |   137 |   144 ||   423
  Block: Buckler           |    33 |    31 |    73 |    58 ||   195

Table legend: (Time is in decaauts)
 A = Elapsed time spent in this place.
 B = Non-inter-level travel time spent in this place.
 C = Inter-level travel time spent in this place.
 D = Time resting spent in this place.
 E = Time spent auto-exploring this place.
 F = Levels seen in this place.
 G = Mean time per level.
                   A        B        C        D        E       F      G
               +--------+--------+--------+--------+--------+-----+--------+
         Total |   8090 |   7779 |    311 |    279 |   5799 |  12 |  674.2 |
       Dungeon |   8061 |   7776 |    285 |    279 |   5799 |  11 |  732.8 |
        Temple |     28 |      2 |     26 |      0 |      0 |   1 |   28.0 |
               +--------+--------+--------+--------+--------+-----+--------+

Top non-repeatable levels by time:
     D:8: 1003 daAuts
     D:6: 925 daAuts
     D:7: 924 daAuts
    D:10: 837 daAuts
     D:2: 830 daAuts
     D:5: 749 daAuts
     D:9: 746 daAuts
     D:1: 628 daAuts
     D:3: 580 daAuts
     D:4: 549 daAuts
    D:11: 287 daAuts
  Temple: 28 daAuts
